 Dungeon Crawl Stone Soup version 0.28-a0-863-g8cecda6153 (webtiles) character file.

Game seed: 6378657494920108488

56 ders the Digger (level 3, 0/19 HPs)
             Began as a Gargoyle Earth Elementalist on Nov 16, 2021.
             Slain by Crazy Yiuf (5 damage)
             ... on level 2 of the Dungeon.
             The game lasted 00:02:22 (2594 turns).

ders the Digger (Gargoyle Earth Elementalist)       Turns: 2594, Time: 00:02:22

Health: 0/19       AC:  5    Str: 11    XL:     3   Next: 97%
Magic:  1/7        EV: 11    Int: 16    God:
Gold:   99         SH:  0    Dex: 10    Spells: 3/7 levels left

rFire   . . .      SeeInvis .   i - +0 short sword
rCold   . . .      Faith    .   (no shield)
rNeg    + . .      Spirit   .   b - +0 robe
rPois   ∞          Reflect  .   (no helmet)
rElec   +          Harm     .   (no cloak)
rCorr   .          Rampage  .   (no gloves)
Will    .....                   (no boots)
Stlth   ++........              (no amulet)
HPRegen 0.06/turn               (no ring)
MPRegen 0.10/turn               (no ring)

@: very slightly contaminated
A: sickness immunity, AC +3, negative energy resistance 1, electricity
resistance, torment resistance 1, petrification resistance
a: no special abilities


You were on level 2 of the Dungeon.
You visited 1 branch of the dungeon, and saw 2 of its levels.

You collected 99 gold pieces.

Inventory:

Hand Weapons
 i - a +0 short sword (weapon)
Armour
 b - a +0 robe (worn)
Scrolls
 c - a scroll of summoning {unknown}
 d - a scroll of blinking {unknown}
 g - a scroll of enchant weapon {unknown}
 h - a scroll of identify {unknown}
Potions
 a - 3 potions of brilliance {unknown}
 e - a potion of ambrosia {unknown}
 f - 3 potions of attraction {unknown}
 j - a potion of cancellation {unknown}


   Skills:
 - Level 1.5 Dodging
 - Level 2.1 Stealth
 + Level 2.8 Spellcasting
 * Level 1.5 Conjurations
 - Level 0.7 Transmutations
 + Level 4.5 Earth Magic


You had 3 spell levels left.
You knew the following spells:

 Your Spells              Type           Power      Damage    Failure   Level
a - Sandblast             Erth           32%        2d9       3%          1
b - Stone Arrow           Conj/Erth      24%        3d8       16%         3

Your spell library contained the following spells:

 Spells                   Type           Power      Damage    Failure   Level
 Passwall                 Tmut/Erth      8%         N/A       10%         2
 Mephitic Cloud           Conj/Pois/Air  3%         N/A       43%         3
 Ignite Poison            Fire/Tmut/Pois 3%         N/A       45%         3
 Petrify                  Tmut/Erth      10%        N/A       54%         4
 Freezing Cloud           Conj/Ice/Air   1%         6-21      99%         5


Dungeon Overview and Level Annotations

Branches:
Dungeon (2/15)

Altars:

Annotations:
D:2 Crazy Yiuf


Innate Abilities, Weirdness & Mutations

You are immune to sickness and miasma.
Your stone body is resilient. (AC +3)
You are immune to poison.
You resist negative energy. (rN+)
You are resistant to electric shocks. (rElec)
You are resistant to unholy torment.
You are immune to petrification.


Message History

The fungus is lightly damaged.
You hit the fungus.
The fungus is lightly damaged.
You hit the fungus.
The fungus is lightly damaged.
A nearby fungus withers and dies.
You hit the bush but do no damage.
Found a mace.
Found a runed translucent door.
You open the door.
Crazy Yiuf shouts!
Casting: Stone Arrow (extremely dangerous; 16% risk of failure)
Confirm with . or Enter, or press ? or * to list all spells.
The spell is extremely dangerous to cast (16% risk of failure)!
Continue anyway?
Aiming: Stone Arrow (extremely dangerous; 16% risk of failure)
Press: ? - help, Shift-Dir - straight line, f - Crazy Yiuf
Aim: Crazy Yiuf, wielding a +2 quarterstaff of chaos and wearing a +0 cloak (72% to hit)
The stone arrow hits Crazy Yiuf.
Crazy Yiuf is moderately wounded.
Crazy Yiuf says, "Dawk action tea!"
Casting: Stone Arrow (extremely dangerous; 16% risk of failure)
Confirm with . or Enter, or press ? or * to list all spells.
The spell is extremely dangerous to cast (16% risk of failure)!
Continue anyway?
Aiming: Stone Arrow (extremely dangerous; 16% risk of failure)
Press: ? - help, Shift-Dir - straight line, f/p - Crazy Yiuf
Aim: Crazy Yiuf, wielding a +2 quarterstaff of chaos and wearing a +0 cloak (moderately wounded, 72% to hit)
You miscast Stone Arrow.
You are very lightly contaminated with residual magic.
Nothing appears to happen.
Crazy Yiuf hits you with a +2 quarterstaff of chaos.
Crazy Yiuf burns you.
Casting: Stone Arrow (extremely dangerous; 16% risk of failure)
Confirm with . or Enter, or press ? or * to list all spells.
You don't have enough magic to cast this spell.
Crazy Yiuf is nearby!
You hit Crazy Yiuf but do no damage.
Crazy Yiuf is moderately wounded.
Crazy Yiuf hits you with a +2 quarterstaff of chaos!
* * * LOW HITPOINT WARNING * * *
Crazy Yiuf freezes you.
You die...

.............#####...............
......................#..#..#.###
..<.........................#....
...#....################.........
........# #...##.###
......#.##♣♣♣♣♣ #...##.###
...#..#.....♣.♣♣♣ ### #.........
..........♣P.♣..♣#...# #.#.##.###
..........PP♣♣♣♣@g...# #.........
#.........P♣♣ ♣♣#..)# ###.##.#..
#..#...###♣♣ ### ###.##.#.#
........# #.#.##.... ...##..##
#.#.##....
##.##...################......._.
....##..#................#.##....
....##..#....##.###.#.#..#.##....
....##..#...........#.#..#.##...#


You could see Crazy Yiuf.

Vanquished Creatures
  2 adders (D:2)
  A dart slug (D:2)
  6 endoplasms
  2 goblins
  3 hobgoblins (D:2)
  5 kobolds
  3 quokkas (D:2)
  4 ball pythons
  4 bats
  2 frilled lizards
  4 rats
36 creatures vanquished.

Vanquished Creatures (others)
  A fungus (D:2)
1 creature vanquished.

Grand Total: 37 creatures vanquished

Notes
Turn   | Place    | Note
-------+----------+-------------------------------------------
     0 | D:1      | ders the Gargoyle Earth Elementalist began the quest for
                  | the Orb.
     0 | D:1      | Reached XP level 1. HP: 10/10 MP: 3/3
   209 | D:1      | Reached XP level 2. HP: 12/15 MP: 0/5
   300 | D:1      | Reached skill level 4 in Earth Magic
   989 | D:2      | Reached XP level 3. HP: 14/19 MP: 2/6
   993 | D:2      | Learned a level 3 spell: Stone Arrow
  1099 | D:2      | Found a faded altar of an unknown god.
  1714 | D:2      | Reached skill level 1 in Conjurations
  2587 | D:2      | Found a runed translucent door.
  2588 | D:2      | Noticed Crazy Yiuf
  2594 | D:2      | Slain by Crazy Yiuf

Illustrated notes

Levels and vault maps discovered:
D:1:      lemuel_arrival_funnel, layout_loops_ring
D:2:      layout_basic, ebering_ecumenical_altar_sacrificial,
          patterned_corridor, uniq_crazy_yiuf_cottage

Skill      XL: |  1  2  3 |
---------------+----------+-----
Earth Magic    | 4 |  4.5
Conjurations   | 1 |  1.5
Dodging        | |  1.5
Stealth        | |  2.1
Spellcasting   | |  2.8
Transmutations | |  0.7

Action                   || total
-------------------------++-------
Melee: Unarmed           ||    10
       Short sword       ||    25
 Cast: Sandblast         ||    30
       Stone Arrow       ||    13
Armor: Robe              ||     8
Dodge: Dodged            ||    24

Table legend: (Time is in decaauts)
 A = Elapsed time spent in this place.
 B = Non-inter-level travel time spent in this place.
 C = Inter-level travel time spent in this place.
 D = Time resting spent in this place.
 E = Time spent auto-exploring this place.
 F = Levels seen in this place.
 G = Mean time per level.
                   A        B        C        D        E       F      G
               +--------+--------+--------+--------+--------+-----+--------+
         Total |   2596 |   2451 |    145 |    590 |   1616 |   2 | 1298.0 |
       Dungeon |   2596 |   2451 |    145 |    590 |   1616 |   2 | 1298.0 |
               +--------+--------+--------+--------+--------+-----+--------+

Top non-repeatable levels by time:
     D:2: 1652 daAuts
     D:1: 944 daAuts
